 Dungeon Crawl Stone Soup version 0.30-a0-718-geaa24f58ff (webtiles) character file.

Game seed: 5089059788073728110

452 Ijustatesigmund the Magician (level 6, -2/29 (35) HPs)
             Began as a Deep Elf Reaver on Jan 25, 2023.
             Killed from afar by a steam dragon (18 damage)
             ... with a ball of steam
             ... on level 4 of the Dungeon.
             The game lasted 00:09:36 (3425 turns).

Ijustatesigmund the Magician (Deep Elf Reaver)      Turns: 3425, Time: 00:09:37

HP:   -2/29 (35)    AC: 12    Str:  9    XL:     6   Next: 75%
MP:   15/16         EV: 12    Int: 20    God:
Gold: 89            SH:  0    Dex: 13    Spells: 15/16 levels left

rFire   . . .      SeeInvis .    a - +3 short sword (protect)
rCold   + . .      Faith    .    (no shield)
rNeg    . . .      Spirit   .    b - +0 leather armour
rPois   .          Reflect  .    (no helmet)
rElec   .          Harm     .    o - +0 cloak
rCorr   .          Rampage  .    f - +0 pair of gloves
Will    .....                    (no boots)
Stlth   +                        (no amulet)
HPRegen 0.24/turn                p - ring of protection from cold
MPRegen 0.15/turn                (no ring)

@: under a protective aura, heavily drained
A: no striking features
a: no special abilities


You were on level 4 of the Dungeon.
You visited 1 branch of the dungeon, and saw 4 of its levels.

You collected 137 gold pieces.
You spent 48 gold pieces at shops.

Inventory:

Hand Weapons
 a - a +3 short sword of protection (weapon)
 l - a +3 sling
Missiles
 d - 3 poisoned darts
 u - a curare-tipped dart (quivered)
Armour
 b - a +0 leather armour (worn)
 f - a +0 pair of gloves (worn)
 o - a +0 cloak (worn)
 t - a +0 kite shield
Magical Staves
 g - a staff of earth
Jewellery
 e - a ring of fire
 p - a ring of protection from cold (left hand)
Wands
 q - a wand of flame (17)
 s - a wand of charming (7)
Scrolls
 i - a scroll of magic mapping
 r - a scroll of teleportation
 v - a scroll of enchant weapon
Potions
 c - a potion of lignification
 h - 2 potions of attraction {unknown}
 j - a potion of brilliance
 k - a potion of might {unknown}
 m - 3 potions of heal wounds
 n - a potion of flight


   Skills:
 - Level 2.1 Fighting
 - Level 3.0 Short Blades
 + Level 4.2 Ranged Weapons
 + Level 1.3 Armour
 - Level 2.4 Dodging
 + Level 5.9 Spellcasting
 - Level 3.2 Conjurations
 + Level 4.3 Necromancy


You had 15 spell levels left.
You knew the following spells:

 Your Spells              Type           Power      Damage    Failure   Level
a - Kiss of Death         Conj/Necr      84%        2d11      3%          1

Your spell library contained the following spells:

 Spells                   Type           Power      Damage    Failure   Level
 Momentum Strike          Conj/Tloc      24%        3d8       11%         2
 Hailstorm                Conj/Ice       12%        3d5       22%         3


Dungeon Overview and Level Annotations

Branches:
Dungeon (4/15)
 Temple: D:4-7

Altars:

Shops:
D:2 ?


Message History

The curare-tipped dart hits the steam dragon.
The steam dragon is poisoned.
The steam dragon convulses.
The steam dragon seems to slow down.
The steam dragon is lightly wounded.
Throw: 2 darts (curare)
Press: ? - help, Q - select action, (/) - cycle Shift-Dir - straight line, f/p - steam dragon
Aim: a steam dragon (lightly wounded, very poisoned, slow, 57% to hit)
You throw a curare-tipped dart.
The curare-tipped dart closely misses the steam dragon.
Aiming: Throw Flame
Press: ? - help, Shift-Dir - straight line, f/p - steam dragon
Aim: a steam dragon (lightly wounded, very poisoned, slow, 68% to hit)
The puff of flame hits the steam dragon but does no damage.
The steam dragon is lightly wounded.
Casting: Kiss of Death (safe; 3% risk of failure)
Confirm with . or Enter, or press ? or * to list all spells.
Aiming: Kiss of Death (safe; 3% risk of failure)
Press: ? - help, Shift-Dir - straight line, f/p - steam dragon
Aim: a steam dragon (moderately wounded, very poisoned, slow, 100% to hit)
The negative energy hits the steam dragon!
The steam dragon is drained!
The steam dragon is severely wounded.
You feel drained.
You hit the steam dragon.
Your weapon exudes an aura of protection.
The steam dragon is severely wounded.
The steam dragon breathes steam at you. The ball of steam hits you!
You hit the steam dragon but do no damage.
The steam dragon is almost dead.
You are engulfed in a cloud of scalding steam.
The steam dragon closely misses you.
The steam dragon claws you but does no damage.
Unknown command.
You barely miss the steam dragon.
The steam dragon is almost dead.
The steam dragon breathes steam at you. The ball of steam hits you!!
Ouch! That really hurt!
You die...

#.#.# # ...(...#
#.#.####
......#####.#.....
..........#....###
.....###......>..
(.. ##.#...##. #.#
##..##..### ##D#
###..###..†##
#@§###...## #.#(..
#.§....### #.#.##
######## ....#
.....# #.....#
#.....# #.....#
#......


You could see a steam dragon (poisoned, slow, catching breath, drained).

Vanquished Creatures
  Sigmund (D:2)
  Eustachio (D:4)
  An iguana (D:4)
  3 adders
  2 worms
  3 dart slugs
  10 orcs (D:3)
  5 bats
  7 endoplasms
  3 giant cockroaches (D:2)
  6 goblins
  6 hobgoblins
  4 jackals (D:2)
  8 kobolds
  4 quokkas
  4 ball pythons
  2 frilled lizards
  6 rats
76 creatures vanquished.

Notes
Turn   | Place    | Note
-------+----------+-------------------------------------------
     0 | D:1      | Ijustatesigmund the Deep Elf Reaver began the quest for the
                  | Orb.
     0 | D:1      | Reached XP level 1. HP: 12/12 MP: 6/6
    64 | D:1      | Reached skill level 1 in Necromancy
    67 | D:1      | Reached XP level 2. HP: 10/17 MP: 8/8
   470 | D:1      | You fall into a shaft and drop 1 floor!
   539 | D:2      | Reached XP level 3. HP: 7/21 MP: 10/10
   756 | D:2      | Found Veraf's Magic Scroll Emporium.
   764 | D:2      | Bought a scroll of identify for 24 gold pieces
   764 | D:2      | Bought a scroll of identify for 24 gold pieces
  1854 | D:2      | Reached skill level 4 in Spellcasting
  2002 | D:2      | Reached skill level 1 in Ranged Weapons
  2061 | D:2      | Noticed Sigmund
  2066 | D:2      | Killed Sigmund
  2067 | D:2      | Reached skill level 5 in Spellcasting
  2067 | D:2      | Reached XP level 4. HP: 22/26 MP: 10/13
  2067 | D:2      | Reached XP level 5. HP: 25/30 MP: 10/14
  2956 | D:3      | Reached XP level 6. HP: 33/35 MP: 16/16
  3299 | D:4      | Noticed Eustachio
  3317 | D:4      | Killed Eustachio
  3318 | D:4      | Reached skill level 1 in Armour
  3414 | D:4      | Noticed a steam dragon
  3425 | D:4      | Killed from afar by a steam dragon

Illustrated notes

Levels and vault maps discovered:
D:1:      erik_arrival_cave_to_civilisation [erik_arrival_cave_to_hall],
          layout_basic
D:2:      wad_river_or_something, layout_basic, serial_shops, shop, uniq_sigmund
D:3:      layout_basic
D:4:      layout_rooms, minmay_temple_entry_hall, uniq_eustachio

Skill      XL: |  1  2  3  4  5  6 |
---------------+-------------------+-----
Necromancy     | 1 3 4 |  4.3
Fighting       | 2 |  2.1
Spellcasting   | 5 |  5.9
Ranged Weapons | 3 4 |  4.2
Armour         | 1 |  1.3
Short Blades   | |  3.0
Dodging        | |  2.4
Conjurations   | |  3.2

Action                     |  1- 3 |  4- 6 || total
---------------------------+-------+-------++-------
  Melee: Short sword       |    77 |   104 ||   181
         Punch             |     3 |       ||     3
   Fire: Sling             |    46 |       ||    46
  Throw: Dart              |     4 |    14 ||    18
   Cast: Kiss of Death     |     2 |     1 ||     3
  Evoke: Wand              |       |     1 ||     1
    Use: Potion            |     1 |       ||     1
         Scroll            |     9 |     3 ||    12
   Stab: Distracted        |     1 |       ||     1
 Armour: Leather armour    |    25 |    31 ||    56
  Dodge: Dodged            |    56 |    53 ||   109

Table legend: (Time is in decaauts)
 A = Elapsed time spent in this place.
 B = Non-inter-level travel time spent in this place.
 C = Inter-level travel time spent in this place.
 D = Time resting spent in this place.
 E = Time spent auto-exploring this place.
 F = Levels seen in this place.
 G = Mean time per level.
                   A        B        C        D        E       F      G
               +--------+--------+--------+--------+--------+-----+--------+
         Total |   3420 |   3261 |    159 |    933 |   1734 |   4 |  855.0 |
       Dungeon |   3420 |   3261 |    159 |    933 |   1734 |   4 |  855.0 |
               +--------+--------+--------+--------+--------+-----+--------+

Top non-repeatable levels by time:
     D:2: 1179 daAuts
     D:1: 1077 daAuts
     D:3: 1020 daAuts
     D:4: 143 daAuts
